 Dungeon Crawl Stone Soup version 0.28.0-53-g5a82cb258f (webtiles) character file.

Game seed: 10452749340690406931

49 quokkamancerX the Chopper (level 3, 0/31 HPs)
             Began as a Minotaur Berserker on June 28, 2022.
             Was a Believer of Trog.
             Succumbed to a gnoll's poison
             ... on level 2 of the Dungeon.
             The game lasted 00:03:00 (1947 turns).

quokkamancerX the Chopper (Minotaur Berserker)      Turns: 1947, Time: 00:03:01

Health: 0/31       AC:  5    Str: 23    XL:     3   Next: 51%
Magic:  2/2        EV: 11    Int:  4    God:    Trog [**....]
Gold:   53         SH:  0    Dex:  9    Spells: 2/2 levels left

rFire   . . .      SeeInvis .   a - +2 dagger (elec)
rCold   . . .      Faith    .   (no shield)
rNeg    . . .      Spirit   .   g - +0 ring mail
rPois   .          Reflect  .   (helmet restricted)
rElec   .          Harm     .   (no cloak)
rCorr   .          Rampage  .   (no gloves)
Will    .....                   (no boots)
Stlth   ..........              (no amulet)
HPRegen 0.10/turn               (no ring)
MPRegen 0.08/turn               (no ring)

@: lethally poisoned (0 -> -9)
A: horns 2, retaliatory headbutt
a: Renounce Religion, Berserk, Trog's Hand


You were on level 2 of the Dungeon.
You worshipped Trog.
Trog was pleased with you.
You visited 1 branch of the dungeon, and saw 3 of its levels.

You collected 53 gold pieces.

Inventory:

Hand Weapons
 a - a +2 dagger of electrocution (weapon)
 b - a +0 hunting sling
Armour
 g - a +0 ring mail (worn)
Scrolls
 c - a scroll of immolation {unknown}
 f - a scroll of magic mapping {unknown}
Potions
 d - 2 potions of lignification {unknown}
 e - 2 potions of magic
 h - 2 potions of heal wounds {unknown}
 i - a potion of attraction {unknown}


   Skills:
 - Level 3.6 Fighting
 + Level 5.5 Axes
 - Level 2.4 Armour
 - Level 2.1 Dodging


You had 2 spell levels left.
You didn't know any spells.
Your spell library was empty.

Dungeon Overview and Level Annotations

Branches:
Dungeon (3/15)

Altars:


Innate Abilities, Weirdness & Mutations

You have a pair of horns on your head.
You reflexively headbutt those who attack you in melee.


Message History

You see here a +0 hand axe.
You see here a +0 hunting sling.
You now have 53 gold pieces (gained 8).
Done exploring.
Done exploring.
You see here a +0 hunting sling.
You see here a +0 hand axe.
You see here a +0 club.
There is an open door here.
There is a stone staircase leading down here.
You climb downwards.
The gnoll shouts! x3
Found a large golden ring.
Found a stone staircase leading up.
There is a stone staircase leading up here.
The gnoll hits you with a +0 spear of venom.
You are poisoned.
You climb upwards.
You feel very sick.
There is a stone staircase leading down here.
You hit the gnoll.
The gnoll is moderately wounded.
You feel sick.
The gnoll hits you with a +0 spear of venom!
You are lethally poisoned!
You hit the gnoll.
The gnoll is heavily wounded.
You feel very sick. The gnoll completely misses you.
You hit the gnoll. Lightning courses through the gnoll!
You kill the gnoll!
Trog accepts your kill.
* * * LOW HITPOINT WARNING * * *
You feel very sick.
* * * LOW HITPOINT WARNING * * *
You feel very sick.
You see here a +0 spear of venom.
* * * LOW HITPOINT WARNING * * *
You feel sick.
It was a potion of magic.
Magic courses through your body.
You die...

###.#............#.#.#
..#.######.........#.#
#.#.....##....##.....#
#.#####.##.........#.# #.#
#.##.#...###.########
#.#####.##.#...#..........#
#........#.#...#.#<######.#
.#########.#...#.########.##
.........#.#..>)@..........#
.#######'#.#.#.#.###########
.# #.....#.#.#.# .#
#.....#.#.#<# .#
#...........# .#
#.......#.### .# #......##.#
## ###....##.# #######.#


There were no monsters in sight!

Vanquished Creatures
  A gnoll (D:2)
  A worm (D:2)
  2 dart slugs
  2 endoplasms
  A giant cockroach (D:1)
  3 goblins (D:2)
  2 hobgoblins
  3 quokkas (D:1)
  5 ball pythons
  4 bats
  2 frilled lizards
  3 kobolds
  3 rats
32 creatures vanquished.

Notes
Turn   | Place    | Note
-------+----------+-------------------------------------------
     0 | D:1      | quokkamancerX the Minotaur Berserker began the quest for
                  | the Orb.
     0 | D:1      | Reached XP level 1. HP: 19/19 MP: 0/0
   198 | D:1      | Reached skill level 4 in Axes
   334 | D:1      | Reached XP level 2. HP: 23/26 MP: 1/1
  1009 | D:2      | Reached skill level 5 in Axes
  1087 | D:2      | Found a faded altar of an unknown god.
  1141 | D:2      | Reached XP level 3. HP: 22/31 MP: 2/2
  1265 | D:2      | Reached ** piety under Trog
  1947 | D:2      | Succumbed to a gnoll's poison

Illustrated notes

Levels and vault maps discovered:
D:1:      scummos_arrival_simple_crosswalls, layout_basic
D:2:      layout_basic, ebering_ecumenical_altar_abandoned
D:3:      layout_rooms, minmay_vboxes, uniq_grinder

Skill      XL: |  1  2 |
---------------+-------+-----
Axes           | 4 5 |  5.5
Fighting       | |  3.6
Armour         | |  2.4
Dodging        | |  2.1

Action                   || total
-------------------------++-------
Melee: Hand axe          ||    61
       Headbutt          ||     9
       Dagger            ||     6
  Use: Potion            ||     1
 Stab: Sleeping          ||     2
Armor: Animal skin       ||     7
       Ring mail         ||     4
Dodge: Dodged            ||    36
